 Dungeon Crawl Stone Soup version 0.21.1-1-g345015f (webtiles) character file.

47 theblackcape the Skirmisher (level 3, 0/31 HPs)
             Began as a Formicid Abyssal Knight on June 25, 2018.
             Was a Believer of Lugonu.
             Succumbed to an adder's poison
             ... on level 2 of the Dungeon.
             The game lasted 00:06:45 (1616 turns).

theblackcape the Skirmisher (FoAK)                  Turns: 1616, Time: 00:06:46

Health: 0/31       AC:  8    Str: 17    XL:     3   Next: 97%
Magic:  4/4        EV:  7    Int: 11    God:    Lugonu [**....]
Gold:   94         SH:  0    Dex: 10    Spells: 2/2 levels left

rFire    . . .     SeeInvis +   a - +1 mace
rCold    . . .     Gourm    .   (no shield)
rNeg     . . .     Faith    .   m - +0 chain mail
rPois    .         Spirit   .   (helmet unavailable)
rElec    .         Reflect  .   (no cloak)
rCorr    .         Harm     .   (no gloves)
MR       .....                  (no boots)
Stlth    ..........             (no amulet)
HPRegen  0.10/turn              (no ring)
MPRegen  0.09/turn              (no ring)

@: lethally poisoned (0 -> -12)
A: permanent stasis, dig shafts and tunnels, four strong arms, antennae 3
a: Dig, Shaft Self, Depart the Abyss, Bend Space, Renounce Religion


You were on level 2 of the Dungeon.
You worshipped Lugonu.
Lugonu was pleased with you.
You were not hungry.

You visited 1 branch of the dungeon, and saw 2 of its levels.
You visited the Abyss 1 time.

You collected 94 gold pieces.

Inventory:

Hand Weapons
 a - a +1 mace (weapon)
 l - a +0 hunting sling
Missiles
 f - 98 stones (quivered)
Armour
 m - a +0 chain mail (worn)
Scrolls
 d - a scroll of enchant armour {unknown}
 e - 2 scrolls of remove curse {unknown}
 i - 2 scrolls of teleportation {unknown}
 k - a scroll of identify {unknown}
 n - a scroll of magic mapping {unknown}
Potions
 g - 2 potions of brilliance {unknown}
 h - a potion of heal wounds {unknown}
 j - a potion of curing {unknown}
Comestibles
 b - 3 chunks of flesh
 c - 10 rations


   Skills:
 + Level 4.5 Fighting
 + Level 2.5 Maces & Flails
 - Level 2.1 Armour
 - Level 0.8 Dodging
 + Level 2.5 Invocations


You had 2 spell levels left.
You didn't know any spells.

Dungeon Overview and Level Annotations

Branches:
Dungeon (2/15)

Altars:

Annotations:
D:2 Robin


Innate Abilities, Weirdness & Mutations

You cannot be hasted, slowed, berserked, paralysed or teleported.
You can dig through walls and to a lower floor.
Your four strong arms can wield two-handed weapons with a shield.
You have a pair of large antennae on your head. (SInv)


Message History

* * * LOW HITPOINT WARNING * * *
You closely miss the adder.
The adder is severely wounded.
* * * LOW HITPOINT WARNING * * *
You feel sick. The adder bites you but does no damage. The adder bites you.
* * * LOW HITPOINT WARNING * * *
You are more poisoned.
The adder poisons you!
You closely miss the adder.
The adder is severely wounded.
* * * LOW HITPOINT WARNING * * *
You feel sick. The adder bites you but does no damage.
You closely miss the adder.
The adder is severely wounded.
* * * LOW HITPOINT WARNING * * *
You feel sick. The adder bites you but does no damage.
The adder closely misses you.
You hit the adder.
The adder is almost dead.
You die...

#..##.# ##.##.#
####### #.##.#.#
.$(?.(# #..#.#.#
......# ##.#.#.#
......# #.#.#.#
(..(..# #...#.#
......#
##..#.########S.....#
#..#........@......#
##>.......[........#
###########.#.#####
#....#.#.# #.##.#.# #
#.##.#.#
###########.##.#.#
.......(..รท.##.#.#
##############.#.#


You could see an adder.

Vanquished Creatures
  An ooze (D:1)
  A dart slug (D:2)
  2 leopard geckos (D:1)
  3 ball pythons
  2 bats (D:1)
  3 giant cockroaches (D:1)
  7 goblins
  3 hobgoblins
  5 kobolds (D:1)
  A quokka (D:2)
  2 frilled lizards
  5 rats
35 creatures vanquished.

Notes
Turn   | Place    | Note
-------+----------+-------------------------------------------
     0 | Abyss:1  | theblackcape the Formicid Abyssal Knight began the quest for the Orb.
     0 | Abyss:1  | Reached XP level 1. HP: 18/18 MP: 2/2
    44 | D:1      | Escaped the Abyss
   294 | D:1      | Reached XP level 2. HP: 19/25 MP: 3/3
   387 | D:1      | Reached skill level 4 in Fighting
   518 | D:1      | Reached XP level 3. HP: 28/30 MP: 4/4
   611 | D:1      | Reached ** piety under Lugonu
  1250 | D:2      | Noticed Robin
  1615 | D:2      | HP: 1/31 [poisoned by an adder]
  1616 | D:2      | Succumbed to an adder's poison

Skill      XL: |  1  2 |
---------------+-------+-----
Fighting       | 4 |  4.5
Maces & Flails | |  2.5
Armour         | |  2.1
Dodging        | |  0.8
Invocations    | |  2.5

Action                   || total
-------------------------++-------
Melee: Mace              ||   115
Throw: Stone             ||    40
Invok: Bend Space        ||     1
  Eat: Chunk             ||     2
Armor: Leather armour    ||    28
       Chain mail        ||    34
Dodge: Dodged            ||    82
